 Dungeon Crawl Stone Soup version 0.29-a0-422-gafbd6decc1 (webtiles) character file.

Game seed: 5621942578319945159

18 xian the Vexing (level 2, -1/23 HPs)
             Began as a Gnoll Arcane Marksman on May 19, 2022.
             Was a Follower of Cheibriados.
             Slain by a hobgoblin (2 damage)
             ... led by Robin
             ... on level 2 of the Dungeon.
             The game lasted 00:03:26 (1173 turns).

xian the Vexing (Gnoll Arcane Marksman)             Turns: 1173, Time: 00:03:28

Health: -1/23      AC:  2    Str: 12    XL:     2   Next: 70%
Magic:  3/5        EV: 14    Int: 15    God:    Cheibriados [*.....]
Gold:   40         SH:  0    Dex: 15    Spells: 5/6 levels left

rFire   . . .      SeeInvis .   a - +0 hand crossbow
rCold   . . .      Faith    .   (no shield)
rNeg    . . .      Spirit   .   b - +0 robe
rPois   .          Reflect  .   (no helmet)
rElec   .          Harm     .   (no cloak)
rCorr   .          Rampage  .   (no gloves)
Will    .....                   (no boots)
Stlth   ++........              (no amulet)
HPRegen 0.07/turn               (no ring)
MPRegen 0.09/turn               (no ring)

@: very slow
A: fangs 1, strong nose, distributed training
a: Renounce Religion, Bend Time


You were on level 2 of the Dungeon.
You worshipped Cheibriados.
Cheibriados was aware of your devotion.
You visited 1 branch of the dungeon, and saw 2 of its levels.

You collected 40 gold pieces.

Inventory:

Hand Weapons
 a - a +0 hand crossbow (weapon)
 g - a +0 dagger
Armour
 b - a +0 robe (worn)
Scrolls
 c - a scroll of vulnerability
 e - a scroll of identify {unknown}
 f - a scroll of fear {unknown}
Potions
 d - a potion of magic {unknown}
 h - a potion of brilliance {unknown}
 i - a potion of curing {unknown}


   Skills:
 + Level 2.5 Fighting
 + Level 0.5 Short Blades
 + Level 0.5 Long Blades
 + Level 0.5 Axes
 + Level 0.5 Maces & Flails
 + Level 0.5 Polearms
 + Level 0.5 Staves
 + Level 0.5 Slings
 + Level 0.5 Bows
 + Level 4.5 Crossbows
 + Level 0.5 Throwing
 + Level 0.5 Armour
 + Level 4.5 Dodging
 + Level 0.5 Stealth
 + Level 0.5 Shields
 + Level 0.5 Unarmed Combat
 + Level 2.7 Spellcasting
 + Level 0.3 Conjurations
 + Level 5.3 Hexes
 + Level 0.3 Summonings
 + Level 0.3 Necromancy
 + Level 0.3 Translocations
 + Level 0.3 Transmutations
 + Level 0.3 Fire Magic
 + Level 0.3 Ice Magic
 + Level 0.3 Air Magic
 + Level 0.3 Earth Magic
 + Level 0.3 Poison Magic
 + Level 0.6 Invocations
 + Level 0.5 Evocations


You had 5 spell levels left.
You knew the following spells:

 Your Spells              Type           Power      Damage    Failure   Level
a - Slow                  Hex            72%        N/A       2%          1

Your spell library contained the following spells:

 Spells                   Type           Power      Damage    Failure   Level
 Inner Flame              Hex/Fire       10%        N/A       19%         3
 Portal Projectile        Hex/Tloc       20%        N/A       19%         3
 Cause Fear               Hex            9%         N/A       22%         4


Dungeon Overview and Level Annotations

Branches:
Dungeon (2/15)

Altars:
Cheibriados


Innate Abilities, Weirdness & Mutations

You have very sharp teeth.
Your uncanny sense of smell can sniff out nearby items.
Your experience applies equally to all skills.


Message History

You are too injured to fight recklessly!
Shoot: a) +0 hand crossbow
Press: ? - help, Q - select action, (/) - cycle Shift-Dir - straight line, f - adder
Aim: an adder (slow, 46% to hit)
You shoot a bolt. The bolt barely misses the adder.
The bolt hits the goblin!
You kill the goblin!
Cheibriados appreciates the change of pace.
You feel sick. The goblin closely misses you.
The adder bites you but does no damage.
Shoot: a) +0 hand crossbow
Press: ? - help, Q - select action, (/) - cycle Shift-Dir - straight line, f/p - adder
Aim: an adder (slow, 46% to hit)
You shoot a bolt. The bolt barely misses the adder.
The goblin barely misses you. The adder barely misses you.
The goblin barely misses you.
Shoot: a) +0 hand crossbow
Press: ? - help, Q - select action, (/) - cycle Shift-Dir - straight line, f/p - adder
Aim: an adder (slow, 46% to hit)
You shoot a bolt.
The bolt hits the adder but does no damage.
You feel sick. The adder barely misses you. The goblin hits you with a +0 club.
* * * LOW HITPOINT WARNING * * *
The adder bites you.
* * * LOW HITPOINT WARNING * * *
Shoot: a) +0 hand crossbow
Press: ? - help, Q - select action, (/) - cycle Shift-Dir - straight line, f/p - adder
Aim: an adder (slow, 46% to hit)
You shoot a bolt. The bolt closely misses the adder.
* * * LOW HITPOINT WARNING * * *
You feel sick. The goblin hits you but does no damage.
The adder closely misses you.
You can't go up here!
* * * LOW HITPOINT WARNING * * *
You feel sick.
You are no longer poisoned.
The goblin closely misses you. The adder bites you but does no damage.
You climb downwards.
A ball python comes into view.
The hobgoblin hits you.
You die...

##. .# ..
###.#####
#.##........
###.#.........
##.............
#..............
#...Sg.......
##...)@g......
∆#.............
#...##..........
... ##.........
. #......#..
S........#
∆#.##....[. #..
....>. ... .....


You could see an adder (slow), a hobgoblin, a goblin and a ball python
(wandering).

Vanquished Creatures
  3 endoplasms
  A giant cockroach (D:1)
  A hobgoblin (D:1)
  4 kobolds
  3 bats (D:1)
  4 goblins (D:1)
  A rat (D:1)
17 creatures vanquished.

Notes
Turn   | Place    | Note
-------+----------+-------------------------------------------
     0 | D:1      | xian the Gnoll Arcane Marksman began the quest for the Orb.
     0 | D:1      | Reached XP level 1. HP: 17/17 MP: 4/4
    93 | D:1      | Found a faded altar of an unknown god.
   101 | D:1      | Prayed at the altar of an unknown god.
   101 | D:1      | Became a worshipper of Cheibriados the Contemplative
   101 | D:1      | Reached * piety under Cheibriados
   587 | D:1      | Reached XP level 2. HP: 17/23 MP: 5/5
  1172 | D:1      | HP: 1/23 [poisoned by an adder]
  1173 | D:2      | Slain by a hobgoblin

Illustrated notes

Levels and vault maps discovered:
D:1:      elethiomel_arrival_quiet, layout_basic, basic_ecumenical_altar,
          grunt_decor_one_mirror
D:2:      layout_rooms, skrybe_limestone_x, minmay_heptomino_d4, uniq_robin

Action                   || total
-------------------------++-------
 Fire: Hand crossbow     ||    48
 Cast: Slow              ||     4
Invok: Bend Time         ||     1
Armor: Robe              ||     8
Dodge: Dodged            ||    33

Table legend: (Time is in decaauts)
 A = Elapsed time spent in this place.
 B = Non-inter-level travel time spent in this place.
 C = Inter-level travel time spent in this place.
 D = Time resting spent in this place.
 E = Time spent auto-exploring this place.
 F = Levels seen in this place.
 G = Mean time per level.
                   A        B        C        D        E       F      G
               +--------+--------+--------+--------+--------+-----+--------+
         Total |   1449 |   1406 |     43 |      0 |   1250 |   2 |  724.5 |
       Dungeon |   1449 |   1406 |     43 |      0 |   1250 |   2 |  724.5 |
               +--------+--------+--------+--------+--------+-----+--------+

Top non-repeatable levels by time:
     D:1: 1435 daAuts
     D:2: 14 daAuts
